 Dungeon Crawl Stone Soup version 0.30-a0-393-g54b8e3be05 (webtiles) character file.

Game seed: 5773539385638399553

218 Shayle the Trooper (level 5, 0/42 HPs)
             Began as a Demonspawn Reaver on Dec 5, 2022.
             Slain by an ogre
             ... wielding a +0 giant club
              (17 damage)
             ... on level 4 of the Dungeon.
             The game lasted 00:08:40 (2498 turns).

Shayle the Trooper (Demonspawn Reaver)              Turns: 2498, Time: 00:08:40

Health: 0/42       AC:  7    Str: 13    XL:     5   Next: 63%
Magic:  8/8        EV: 11    Int: 16    God:
Gold:   236        SH:  0    Dex: 11    Spells: 4/8 levels left

rFire   + . .      SeeInvis .    i - +2 short sword (venom)
rCold   + . .      Faith    .    (no shield)
rNeg    . . .      Spirit   .    b - +0 leather armour
rPois   .          Reflect  .    (no helmet)
rElec   .          Harm     .    r - scarf {rC+ rF+}
rCorr   .          Rampage  .    (no gloves)
Will    .....                    q - +0 pair of boots
Stlth   ++........               (no amulet)
HPRegen 0.27/turn                (no ring)
MPRegen 0.11/turn                (no ring)

@: no status effects
A: icy blue scales 2, foul stench 1
a: no special abilities


You were on level 4 of the Dungeon.
You visited 1 branch of the dungeon, and saw 4 of its levels.

You collected 236 gold pieces.

Inventory:

Hand Weapons
 a - a +0 hand axe
 i - a +2 short sword of venom (weapon)
 v - a +0 broad axe
Armour
 b - a +0 leather armour (worn)
 q - a +0 pair of boots (worn)
 r - a scarf of resistance (worn)
Jewellery
 k - an amulet of faith
Scrolls
 c - 3 scrolls of identify {unknown}
 d - a scroll of vulnerability {unknown}
 e - 2 scrolls of teleportation {unknown}
 f - a scroll of fear {unknown}
 h - 2 scrolls of butterflies
 m - a scroll of summoning {unknown}
 o - a scroll of silence {unknown}
 p - a scroll of magic mapping {unknown}
 t - a scroll of poison {unknown}
 u - a scroll of enchant weapon {unknown}
Potions
 g - 3 potions of curing {unknown}
 j - 2 potions of might {unknown}
 l - 3 potions of brilliance {unknown}
 n - a potion of attraction {unknown}
 s - a potion of heal wounds {unknown}


   Skills:
 + Level 3.7 Fighting
 - Level 2.6 Axes
 + Level 2.7 Armour
 - Level 1.7 Dodging
 + Level 2.9 Stealth
 - Level 2.0 Spellcasting
 - Level 3.0 Conjurations


You had 4 spell levels left.
You knew the following spells:

 Your Spells              Type           Power      Damage    Failure   Level
a - Kiss of Death         Conj/Necr      24%        2d7       14%         1
b - Hailstorm             Conj/Ice       6%         3d4       38%         3

Your spell library contained the following spells:

 Spells                   Type           Power      Damage    Failure   Level
 Momentum Strike          Conj/Tloc      12%        3d8       22%         2
 Slow                     Hex            4%         N/A       26%         1
 Sting                    Tmut/Pois      4%         1d3       26%         1
 Confusing Touch          Hex            1%         N/A       61%         3
 Vampiric Draining        Necr           1%         2d6       61%         3


Dungeon Overview and Level Annotations

Branches:
Dungeon (4/15)
 Temple: D:4-7

Altars:
Trog

Shops:
D:4 (


Innate Abilities, Weirdness & Mutations

You are mostly covered in icy blue scales. (AC +3)
You may rarely emit foul miasma when damaged in melee.


Message History

Things that are here:
a +0 broad axe; a +0 robe; the orc corpse of Blork the orc
v - a +0 broad axe You start resting.
HP restored.
Found Cuufoss's Weapon Shoppe.
An adder comes into view.
There is an entrance to Cuufoss's Weapon Shoppe here.
The helpless adder fails to defend itself.
You hit the adder.
The adder is poisoned.
The adder is moderately wounded.
The adder bites you but does no damage. x2
You barely miss the adder.
The adder is heavily wounded.
The adder completely misses you.
You hit the adder.
The adder looks as sick as possible!
The adder is severely wounded.
You kill the adder!
You see here an adder corpse.
You see here an adder corpse.
An ogre comes into view. It is wielding a +0 giant club.
The ogre shouts!
The ogre hits you with a +0 giant club!!
Ouch! That really hurt!
You hit the ogre.
The ogre is poisoned.
The ogre is lightly wounded.
You hit the ogre but do no damage.
The ogre looks as sick as possible!
The ogre is lightly wounded.
The ogre hits you with a +0 giant club.
You emit a cloud of foul miasma!
You hit the ogre.
The ogre looks as sick as possible!
The ogre is heavily wounded.
The ogre is engulfed in dark miasma.
The ogre looks as sick as possible!
The ogre barely misses you.
You hit the ogre.
The ogre is heavily wounded.
You completely miss the ogre.
The ogre is severely wounded.
The ogre is engulfed in dark miasma.
The ogre looks as sick as possible!
The ogre hits you with a +0 giant club!
You die...

.#####.# .......#
######.# #.#########
#.#.......#
#.#†#####.###
#####.#.........#
#.......#.#.#.#.#
#.#.......#.#.#@#
##.......##......O.#
...#.#.####+++####.#
##..∩#.# ..# #######
..# #..# #... ##.


You could see an ogre (extremely poisoned).

Vanquished Creatures
  Blork the orc (D:4)
  An orc priest (D:3)
  An orc wizard (D:3)
  An adder (D:4)
  4 worms
  5 dart slugs
  An orc (D:3)
  4 ball pythons
  6 endoplasms
  2 giant cockroaches
  6 goblins
  5 hobgoblins
  8 jackals (D:1)
  3 quokkas
  6 bats
  2 frilled lizards
  9 kobolds
  2 rats
67 creatures vanquished.

Vanquished Creatures (others)
  A plant (D:1)
1 creature vanquished.

Grand Total: 68 creatures vanquished

Notes
Turn   | Place    | Note
-------+----------+-------------------------------------------
     0 | D:1      | Shayle the Demonspawn Reaver began the quest for the Orb.
     0 | D:1      | Reached XP level 1. HP: 16/16 MP: 3/3
    98 | D:1      | Found a faded altar of an unknown god.
   104 | D:1      | Got Plato's Exposition on Transmogrification
   124 | D:1      | Gained mutation: You are partially covered in icy blue
                  | scales. (AC +2) [demonic ancestry]
   124 | D:1      | Reached XP level 2. HP: 18/22 MP: 5/5
   216 | D:1      | Reached skill level 1 in Armour
   216 | D:1      | Reached skill level 1 in Stealth
   416 | D:1      | Reached XP level 3. HP: 28/28 MP: 6/6
   423 | D:1      | Learned a level 3 spell: Hailstorm
  1204 | D:2      | Found a bloodstained altar of Trog.
  1496 | D:3      | Gained mutation: You may rarely emit foul miasma when
                  | damaged in melee. [demonic ancestry]
  1496 | D:3      | Reached XP level 4. HP: 19/35 MP: 7/7
  2047 | D:3      | Gained mutation: You are mostly covered in icy blue scales.
                  | (AC +3) [demonic ancestry]
  2047 | D:3      | Reached XP level 5. HP: 41/41 MP: 8/8
  2393 | D:4      | Noticed Blork the orc
  2400 | D:4      | Killed Blork the orc
  2463 | D:4      | Found Cuufoss's Weapon Shoppe.
  2487 | D:4      | Noticed an ogre
  2498 | D:4      | Slain by an ogre

Illustrated notes

Levels and vault maps discovered:
D:1:      tarquinn_simple_flora_water_f, layout_loops_ring,
          shapermc_ecumenical_altar_rom_forum
D:2:      layout_rooms, basic_altar
D:3:      layout_basic
D:4:      layout_loops_corners, mainiacjoe_overflow_alcove_4, serial_shops,
          shop, kennysheep_donut, wad_rectangle_vault, uniq_blork_the_orc,
          uniq_sigmund

Skill      XL: |  1  2  3  4 |
---------------+-------------+-----
Armour         | 1 2 |  2.7
Stealth        | 1 2 |  2.9
Fighting       | 3 |  3.7
Axes           | |  2.6
Dodging        | |  1.7
Spellcasting   | |  2.0
Conjurations   | |  3.0

Action                   |  1- 3 |  4- 6 || total
-------------------------+-------+-------++-------
Melee: Hand axe          |    97 |       ||    97
       Short sword       |    64 |    60 ||   124
       Punch             |     2 |     1 ||     3
  Use: Scroll            |     1 |       ||     1
 Stab: Sleeping          |       |     2 ||     2
Armor: Leather armour    |    58 |    26 ||    84
Dodge: Dodged            |   109 |    32 ||   141

Table legend: (Time is in decaauts)
 A = Elapsed time spent in this place.
 B = Non-inter-level travel time spent in this place.
 C = Inter-level travel time spent in this place.
 D = Time resting spent in this place.
 E = Time spent auto-exploring this place.
 F = Levels seen in this place.
 G = Mean time per level.
                   A        B        C        D        E       F      G
               +--------+--------+--------+--------+--------+-----+--------+
         Total |   2513 |   2428 |     85 |     98 |   1529 |   4 |  628.2 |
       Dungeon |   2513 |   2428 |     85 |     98 |   1529 |   4 |  628.2 |
               +--------+--------+--------+--------+--------+-----+--------+

Top non-repeatable levels by time:
     D:1: 954 daAuts
     D:3: 796 daAuts
     D:2: 491 daAuts
     D:4: 270 daAuts
